 Dungeon Crawl Stone Soup version 0.27-a0-1291-geefcff550b (webtiles) character file.

Game seed: 25945531462471559

47 deletemesenpai the Chopper (level 3, -1/33 HPs)
             Began as a Hill Orc Fighter on June 15, 2021.
             Slain by a hobgoblin (4 damage)
             ... led by Robin
             ... on level 2 of the Dungeon.
             The game lasted 00:03:06 (1337 turns).

deletemesenpai the Chopper (Hill Orc Fighter)       Turns: 1337, Time: 00:03:07

Health: -1/33      AC:  7    Str: 19    XL:     3   Next: 70%
Magic:  3/3        EV:  7    Int:  8    God:
Gold:   72         SH:  9    Dex: 10    Spells: 2/2 levels left

rFire    . . .     SeeInvis .   a - +0 war axe
rCold    . . .     Faith    .   c - +0 kite shield
rNeg     . . .     Spirit   .   b - +0 scale mail
rPois    .         Reflect  .   (no helmet)
rElec    .         Harm     .   (no cloak)
rCorr    .         Rampage  .   (no gloves)
Will     .....                  (no boots)
Stlth    ..........             (no amulet)
HPRegen  0.11/turn              (no ring)
MPRegen  0.08/turn              (no ring)

@: mighty
A: no striking features
a: no special abilities


You were on level 2 of the Dungeon.
You visited 1 branch of the dungeon, and saw 2 of its levels.

You collected 72 gold pieces.

Inventory:

Hand Weapons
 a - a +0 war axe (weapon)
Armour
 b - a +0 scale mail (worn)
 c - a +0 kite shield (worn)
Scrolls
 e - 7 scrolls of identify {unknown}
Potions
 d - a potion of might


   Skills:
 + Level 3.9 Fighting
 * Level 4.1 Axes
 + Level 3.7 Armour
 + Level 3.6 Shields


You had 2 spell levels left.
You didn't know any spells.
Your spell library contained the following spells:

 Spells                   Type           Power      Damage    Failure   Level
 Magic Dart               Conj           0%         1d3       99%         1
 Summon Small Mammal      Summ           0%         N/A       99%         1
 Blink                    Tloc           N/A        N/A       100%        2
 Call Imp                 Summ           0%         N/A       100%        2
 Slow                     Hex            0%         N/A       100%        2
 Call Canine Familiar     Summ           0%         N/A       100%        3
 Conjure Flame            Conj/Fire      0%         6-21      100%        3
 Mephitic Cloud           Conj/Pois/Air  0%         N/A       100%        3
 Summon Guardian Golem    Hex/Summ       0%         N/A       100%        3
 Summon Ice Beast         Ice/Summ       0%         N/A       100%        4
 Summon Lightning Spire   Summ/Air       0%         N/A       100%        4


Dungeon Overview and Level Annotations

Branches:
Dungeon (2/15)

Altars:

Annotations:
D:2 Robin


Message History

The goblin is heavily wounded.
You block the goblin's attack.
Robin roars a battlecry!
The hobgoblin goes into a battle-frenzy!
The goblin hits you with a +0 dagger.
You slash the goblin!
You kill the goblin!
The hobgoblin hits you but does no damage.
Your Axes skill increases to level 4!
You closely miss the hobgoblin. The hobgoblin hits you.
Robin throws the goblin at you! The hobgoblin closely misses you.
You barely miss the hobgoblin. You closely miss the goblin.
The goblin hits you with a +0 dagger.
* * * LOW HITPOINT WARNING * * *
The hobgoblin barely misses you. The goblin hits you but does no damage.
You closely miss the hobgoblin. You closely miss the goblin.
The hobgoblin hits you.
* * * LOW HITPOINT WARNING * * *
The goblin hits you but does no damage.
The hobgoblin hits you but does no damage.
You barely miss the goblin. You hit the hobgoblin.
You kill the hobgoblin!
The goblin hits you but does no damage. You block the goblin's attack.
The hobgoblin hits you.
* * * LOW HITPOINT WARNING * * *
You closely miss the goblin. You slash the hobgoblin!
You kill the hobgoblin!
The goblin hits you but does no damage. You block the hobgoblin's attack.
You slash the goblin!
You kill the goblin!
You slash the hobgoblin!
You kill the hobgoblin!
The hobgoblin hits you but does no damage.
Items here: )))) †††.
The hobgoblin no longer looks unusually strong.
You closely miss the hobgoblin. The hobgoblin barely misses you.
You hit the hobgoblin.
The hobgoblin is almost dead.
You block the hobgoblin's attack. The hobgoblin hits you.
You die...

#.....##.###.##.### #.#......
.....###.# #.##...# #.#.#.###
###.## #.###......# #.#.#.# #.#
#..........# #..<..# #.#
#########.## #####.##### #+#
#.# #.........# ... #.#
#.###.###.# .... ####.# #(##..#
#.# ..... ##)##@# #.##..###.#
......####...#g######.........#
......).)..g.g................+
......####...#.########....####
..... ##.##.# #.#.## # ....
###..# #.### ... #.## #.# #+#
#.# #.# #.# #.# #.#


You could see Robin and a hobgoblin.

Vanquished Creatures
  A dart slug (D:1)
  A ball python (D:1)
  6 bats
  5 endoplasms
  A giant cockroach (D:1)
  7 goblins
  8 hobgoblins
  A quokka (D:2)
  A frilled lizard (D:1)
  4 kobolds
  3 rats
38 creatures vanquished.

Notes
Turn   | Place    | Note
-------+----------+-------------------------------------------
     0 | D:1      | deletemesenpai the Hill Orc Fighter began the quest for the
                  | Orb.
     0 | D:1      | Reached XP level 1. HP: 19/19 MP: 1/1
   120 | D:1      | Reached skill level 3 in Axes
   120 | D:1      | Reached XP level 2. HP: 22/27 MP: 2/2
   580 | D:1      | Reached XP level 3. HP: 33/33 MP: 3/3
  1305 | D:2      | Noticed Robin
  1322 | D:2      | Reached skill level 4 in Axes
  1337 | D:2      | Slain by a hobgoblin

Illustrated notes

Levels and vault maps discovered:
D:1:      sevenhm_arrival_forest_fort_small_3, layout_basic
D:2:      layout_loops_corners, uniq_robin, uniq_natasha

Skill      XL: |  1  2  3 |
---------------+----------+-----
Axes           | 3 4 |  4.1
Fighting       | |  3.9
Armour         | |  3.7
Shields        | |  3.6

Action                   || total
-------------------------++-------
Melee: War axe           ||    90
  Use: Potion            ||     1
Armor: Scale mail        ||    58
Dodge: Dodged            ||    35
Block: Kite shield       ||    61

Table legend: (Time is in decaauts)
 A = Elapsed time spent in this place.
 B = Non-inter-level travel time spent in this place.
 C = Inter-level travel time spent in this place.
 D = Time resting spent in this place.
 E = Time spent auto-exploring this place.
 F = Levels seen in this place.
 G = Mean time per level.
                   A        B        C        D        E       F      G
               +--------+--------+--------+--------+--------+-----+--------+
         Total |   1386 |   1386 |      0 |    165 |    894 |   2 |  693.0 |
       Dungeon |   1386 |   1386 |      0 |    165 |    894 |   2 |  693.0 |
               +--------+--------+--------+--------+--------+-----+--------+

Top non-repeatable levels by time:
     D:1: 1003 daAuts
     D:2: 382 daAuts
